 Dungeon Crawl Stone Soup version 0.31.0-11-ge490571c62 (webtiles) character file.

Game seed: 4989028897628792623

165523 qw the Acrobat (level 16, -1/84 HPs)
             Began as a Spriggan Hunter on Feb 3, 2024.
             Was the Champion of Okawaru.
             Blown up by an orb spider (53 damage)
             ... with an orb of destruction
             ... on level 1 of the Spider Nest.
             The game lasted 00:08:39 (19463 turns).

qw the Acrobat (Spriggan Hunter)                   Turns: 19463, Time: 00:08:40

Health: -1/84      AC: 15    Str: 12    XL:     16   Next: 87%
Magic:  24/24      EV: 50    Int: 12    God:    Okawaru [******]
Gold:   2256       SH:  0    Dex: 31    Spells: 15/15 levels left

rFire   . . .        n - +7 hand cannon (heavy)
rCold   . . .        (no shield)
rNeg    + . .        D - +3 troll leather armour
rPois   +            A - +2 hat "Ytwali Kano" {Str+5}
rElec   .            e - +2 cloak
rCorr   .            (gloves unavailable)
SInv    +            (boots unavailable)
Will    ++...        B - amulet of faith
Stlth   ++++         a - ring of Charity {rPois rN+ AC+4 Slay+2 Stlth+}
HPRegen 1.14/turn    o - +6 ring of dexterity
MPRegen 0.19/turn

%: faith
@: very quick
A: very small, no large weapons, unfitting armour, see invisible, speed 3
a: Renounce Religion, Heroism, Finesse, Duel


You were on level 1 of the Spider Nest.
You worshipped Okawaru.
Okawaru was exalted by your worship.
You visited 6 branches of the dungeon, and saw 27 of its levels.
You also visited: Ossuary.

You collected 3792 gold pieces.
You spent 1536 gold pieces at shops.


Innate Abilities, Weirdness & Mutations

You are very small and have problems with some larger weapons.
You are too small for most types of armour.
You have supernaturally acute eyesight. (SInv)
You cover ground extremely quickly. (Speed+++)


   Skills:
 - Level 9.0 Fighting
 + Level 20.0 Ranged Weapons
 - Level 2.0 Armour
 - Level 24.0 Dodging
 - Level 1.5 Stealth
 - Level 10.0 Invocations


You had 15 spell levels left.
You didn't know any spells.
Your spell library was empty.

Inventory:

Hand Weapons
 n - a +7 heavy hand cannon (weapon)
Armour
 e - a +2 cloak (worn)
 p - +0 swamp dragon scales
 A - the +2 hat "Ytwali Kano" (worn) {Str+5}
   (Okawaru gifted it to you on level 2 of the Lair of Beasts)

   Str+5:     It affects your strength (+5).
 D - a +3 troll leather armour (worn)
Jewellery
 a - the ring of Charity (left hand) {rPois rN+ AC+4 Slay+2 Stlth+}
   (You acquired it on level 4 of the Dungeon)

   [ring of protection]

   AC+4:      It affects your AC (+4).
   Slay+2:    It affects your accuracy & damage with ranged weapons and melee
   (+2).
   rPois:     It protects you from poison rN+: It protects you from negative
   energy.
   Stlth+:    It makes you more stealthy.
 h - an amulet of reflection
 m - a ring of fire
 o - a +6 ring of dexterity (right hand)
 B - an amulet of faith (around neck)
Wands
 r - a wand of acid (19)
 t - a wand of mindburst (10)
 w - a wand of polymorph (2)
 x - a wand of digging (8)
 y - a wand of paralysis (12)
 z - a wand of roots (22)
Scrolls
 c - 3 scrolls of enchant armour
 l - 13 scrolls of teleportation
 u - 5 scrolls of identify
 v - 2 scrolls of brand weapon
Potions
 b - 4 potions of magic
 d - 6 potions of heal wounds
 g - 13 potions of curing
 i - 8 potions of might
 j - 2 potions of haste
 k - a potion of resistance
 q - 7 potions of enlightenment
 s - 4 potions of mutation

Dungeon Overview and Level Annotations

Branches:
Dungeon (15/15)            Temple (1/1) D:5            Lair (5/5) D:11
  Swamp (3/4) Lair:2       Spider (1/4) Lair:2        Slime (0/5) Lair:4
    Orc (2/2) D:9             Elf (0/3) Orc:2        Vaults (0/5) D:13
 Depths (0/4) D:15        Ossuary (visited)

Altars:
Ashenzari
Cheibriados
Dithmenos
Elyvilon
Fedhas
Gozag
Hepliaklqana
Kikubaaqudgha
Makhleb
Nemelex Xobeh
Okawaru
Qazlal
Ru
Sif Muna
Trog
Uskayaw
Vehumet
Wu Jian
Xom
Yredelemnul
Zin
The Shining One

Shops:
D:3 [?!(   D:6 !   D:14 [   Orc:2 ([!:

Portals:
Hell: Lair:5

Annotations:
Lair:1 1 runed translucent door
Orc:1 2 runed translucent doors, Rachuaq's ghost, adept GnSk


Message History

You hear a faint skittering sound. x3
A tarantella comes into view.
An orb spider comes into view.
The orb spider spins a strand of pure energy.
A tarantella comes into view.
You shoot a bolt. The bolt closely misses the tarantella.
You shoot a bolt. The bolt hits the tarantella!!!
You kill the tarantella!
Okawaru accepts your kill.
You shoot a bolt. The bolt hits the tarantella.
The tarantella is lightly wounded.
The tarantella touches you.
You are afflicted by dizzying energies!
You are confused.
19456 ||| DRINKING 14 potions of curing.
You feel better.
19456 ||| (to cure confusion)
The tarantella completely misses you.
You shoot a bolt. The bolt closely misses the tarantella.
You hear a faint skittering sound.
The tarantella completely misses you. x2
The orb spider weaves a glowing orb of energy.
The tarantella completely misses you.
An orb of destruction comes into view.
You shoot a bolt. The bolt barely misses the tarantella.
The tarantella closely misses you.
A tarantella comes into view.
The tarantella completely misses you. The orb of destruction hits you!!!
You shoot a bolt. The bolt closely misses the tarantella.
The tarantella misses you. The tarantella completely misses you.
The orb spider begins to weave its threads into a brightly glowing ball.
You shoot a bolt. The bolt hits the tarantella!!!
You kill the tarantella!
Okawaru accepts your kill.
You shoot a bolt. The bolt hits the tarantella!!!
You kill the tarantella!
Okawaru accepts your kill.
The orb spider weaves a glowing orb of energy.
An orb of destruction comes into view.
The orb of destruction hits you!!!
Ouch! That really hurt!
You die...

.......###.............#
........#%%.#.)..#...#..
#^...#%##...#..^....$
#...%####...........
##<..##............?
##...........#.....
#..%...#...#.......
##.0..#........#..
##@0...........
#0.00........
#..#....... #>.. .s.....
##.# ....... ## .#.....
....#.. ...%...


You could see an orb spider.

Vanquished Creatures
  A sphinx (D:15)
  A thorn hunter (Swamp:3)
  A fenstrider witch (Swamp:3)
  An orc warlord (Orc:2)
  An eleionoma (Swamp:3)
  5 bunyips
  Josephine (Lair:5)
  A shambling mangrove (Swamp:3)
  2 fire dragons (D:15)
  An entropy weaver (Spider:1)
  8 hydras
  An entropy weaver (shapeshifter) (D:15)
  3 ghost crabs
  4 vault guards (D:13)
  9 centaur warriors
  A catoblepas (D:13)
  5 alligators
  2 boulder beetles (D:13)
  3 two-headed ogres
  2 death yaks
  A deep troll earth mage (D:15)
  3 tengu warriors
  A demonic crawler (Spider:1)
  2 orc high priests (Orc:2)
  Urug (Orc:1)
  A spriggan berserker (Swamp:1)
  A sun demon (Lair:5)
  5 spriggans
  A fire crab (Lair:5)
  4 skysharks
  Amaemon (Lair:1)
  3 skeletal warriors (D:12)
  A goliath frog (Swamp:2)
  2 spriggan druids (Swamp:3)
  2 bog bodies
  5 swamp dragons
  A wolf spider (Spider:1)
  3 orc knights
  2 arcanists
  6 manticores
  3 orc sorcerers (Orc:2)
  28 ugly things
  3 will-o-the-wisps
  2 deep elf pyromancers
  Maurice (Orc:2)
  7 cyclopes
  9 kobold blastminers
  4 meliai (D:15)
  A moth of wrath (Spider:1)
  A torpor snail (Lair:2)
  6 black mambas
  5 orange demons
  19 cane toads
  3 gargoyles
  4 kobold demonologists
  3 unseen horrors
  7 rime drakes
  11 komodo dragons
  3 ice devils
  2 tengu conjurers (D:15)
  4 yaktaurs (D:15)
  Jeremiah (Lair:1)
  An efreet (D:15)
  A hellwing (Lair:5)
  6 trolls
  Prince Ribbit (D:5)
  2 polar bears (Lair:4)
  6 tyrant leeches
  10 hornets
  4 bloated husks
  11 tarantellas (Spider:1)
  22 blink frogs
  7 dream sheep (Lair:5)
  3 slime creatures (D:15)
  A jumping spider (Spider:1)
  Sigmund (D:2)
  88 yaks
  9 wyverns
  Grum (D:9)
  9 humans
  2 basilisks
  7 wraiths
  A steam dragon (D:7)
  2 wargs
  6 redbacks (Spider:1)
  5 hell hounds (Lair:5)
  9 swamp worms
  2 acid dragons (D:12)
  25 water moccasins
  A meliai simulacrum (D:15)
  33 orc warriors
  A sky beast (D:8)
  3 ice beasts
  3 black bears
  A tengu (shapeshifter) (D:13)
  8 ogres
  8 wolves
  A phantom (D:4)
  18 centaurs
  3 kobold brigands
  2 gnoll sergeants
  16 bullfrogs
  15 scorpions
  14 wights
  12 killer bees
  4 howler monkeys
  An electric eel (Lair:4)
  3 bombardier beetles
  3 centaur zombies (Ossuary)
  3 human zombies (Ossuary)
  2 hounds (D:5)
  5 jellies
  17 orc priests
  3 scorpion zombies (Ossuary)
  2 iguanas
  A sleepcap (D:8)
  21 orc wizards
  3 mummies (Ossuary)
  9 gnolls
  8 adders
  A shadow imp (D:6)
  2 ufetubi (D:5)
  3 adder zombies (Ossuary)
  2 dart slugs
  3 ribbon worms
  71 orcs
  4 bats
  6 endoplasms
  3 giant cockroaches
  A gnoll zombie (Ossuary)
  12 goblins
  11 hobgoblins
  3 jackals (D:1)
  2 quokkas
  12 ball pythons
  2 ball python zombies (Ossuary)
  A frilled lizard (D:1)
  A jackal zombie (Ossuary)
  23 kobolds
  An orc zombie (Ossuary)
  3 rats
859 creatures vanquished.

Vanquished Creatures (others)
  An ogre mage (D:15)
  A hornet (Swamp:3)
  4 foxfires
6 creatures vanquished.

Grand Total: 865 creatures vanquished

Notes
Turn   | Place    | Note
-------+----------+-------------------------------------------
     0 | D:1      | qw the Spriggan Hunter began the quest for the Orb.
     0 | D:1      | Reached XP level 1. HP: 10/10 MP: 2/2
     0 | D:1      | 0 ||| qw: Version: 0.3-a-155-g5e7d8dd
     0 | D:1      | 0 ||| qw: Game counter: 3530
     0 | D:1      | 0 ||| qw: Melee chars always use a shield: true
     0 | D:1      | 0 ||| qw: God list: Okawaru
     0 | D:1      | 0 ||| qw: Allow faded altars: false
     0 | D:1      | 0 ||| qw: Do Orc after clearing Dungeon:15 true
     0 | D:1      | 0 ||| qw: Do second Lair branch before Depths: true
     0 | D:1      | 0 ||| qw: Lair rune preference: random
     0 | D:1      | 0 ||| qw: Goals: Normal
     0 | D:1      | 0 ||| PLANNING D:1-11
    30 | D:1      | 30 ||| RETREEEEATING.
    32 | D:1      | Reached skill level 3 in Dodging
    37 | D:1      | Reached skill level 4 in Dodging
    37 | D:1      | Reached XP level 2. HP: 14/14 MP: 3/3
   149 | D:1      | Reached XP level 3. HP: 18/18 MP: 4/4
   637 | D:1      | 637 ||| UPGRADING to +0 cloak.
   642 | D:1      | 642 ||| UPGRADING to amulet of reflection.
   647 | D:1      | 647 ||| READING scroll labelled QECYXK OMAONKARCH.
   648 | D:1      | 648 ||| READING scroll labelled OQAWEL LEOGE.
   648 | D:1      | 648 ||| ENCHANTING +0 cloak.
   649 | D:1      | 649 ||| READING scroll labelled MYASKO KASCHE.
   654 | D:1      | 654 ||| DROPPING scroll of butterflies.
   839 | D:2      | Reached XP level 4. HP: 22/22 MP: 5/5
   908 | D:2      | Noticed Sigmund
   911 | D:2      | Killed Sigmund
   912 | D:2      | Reached skill level 6 in Dodging
   912 | D:2      | Reached XP level 5. HP: 25/25 MP: 6/6
  1289 | D:2      | 1289 ||| DROPPING amulet of the acrobat.
  1290 | D:2      | 1290 ||| READING scroll labelled XIUXOK VAJEI.
  1291 | D:2      | 1291 ||| READING scroll labelled RETOTE OHEO.
  1291 | D:2      | Identified a scroll of acquirement
  1291 | D:2      | 1291 ||| ACQUIRING 1049 gold pieces
  1291 | D:2      | Acquired 1049 gold pieces
  1293 | D:2      | 1293 ||| DRINKING 2 fuming emerald potions.
  1320 | D:2      | 1320 ||| DROPPING potion of lignification.
  1357 | D:3      | Found Morch's Armour Shop.
  1362 | D:3      | 1362 ||| BUYING +2 robe of fire resistance (177 gold).
  1362 | D:3      | Bought a +2 robe of fire resistance for 177 gold pieces
  1379 | D:3      | Found Zant's Distillery.
  1387 | D:3      | 1387 ||| BUYING potion of curing (30 gold).
  1387 | D:3      | Bought a potion of curing for 30 gold pieces
  1387 | D:3      | 1387 ||| BUYING potion of curing (30 gold).
  1387 | D:3      | Bought a potion of curing for 30 gold pieces
  1387 | D:3      | 1387 ||| BUYING potion of curing (30 gold).
  1387 | D:3      | Bought a potion of curing for 30 gold pieces
  1387 | D:3      | 1387 ||| BUYING potion of haste (100 gold).
  1387 | D:3      | Bought a potion of haste for 100 gold pieces
  1387 | D:3      | 1387 ||| BUYING potion of heal wounds (50 gold).
  1387 | D:3      | Bought a potion of heal wounds for 50 gold pieces
  1387 | D:3      | 1387 ||| BUYING potion of might (40 gold).
  1387 | D:3      | Bought a potion of might for 40 gold pieces
  1387 | D:3      | 1387 ||| BUYING potion of resistance (100 gold).
  1387 | D:3      | Bought a potion of resistance for 100 gold pieces
  1407 | D:3      | Found Bakhlox's Antique Weapon Shop.
  1420 | D:3      | 1420 ||| BUYING runed hand cannon (156 gold).
  1420 | D:3      | Bought a runed hand cannon for 156 gold pieces
  1420 | D:3      | 1420 ||| SWAPPING to +0 hand cannon of flaming.
  1421 | D:3      | 1421 ||| DROPPING +0 shortbow.
  1561 | D:3      | Found a faded altar of an unknown god.
  1728 | D:3      | Found a stormy altar of Qazlal.
  1793 | D:3      | Found Rushypre's Magic Scroll Shop.
  1797 | D:3      | 1797 ||| BUYING scroll of enchant armour (105 gold).
  1797 | D:3      | Bought a scroll of enchant armour for 105 gold pieces
  1797 | D:3      | 1797 ||| BUYING scroll of enchant weapon (105 gold).
  1797 | D:3      | Bought a scroll of enchant weapon for 105 gold pieces
  1797 | D:3      | 1797 ||| BUYING scroll of identify (28 gold).
  1797 | D:3      | Bought a scroll of identify for 28 gold pieces
  1797 | D:3      | 1797 ||| BUYING scroll of teleportation (42 gold).
  1797 | D:3      | Bought a scroll of teleportation for 42 gold pieces
  1797 | D:3      | 1797 ||| BUYING scroll of teleportation (42 gold).
  1797 | D:3      | Bought a scroll of teleportation for 42 gold pieces
  1797 | D:3      | 1797 ||| READING scroll of enchant armour.
  1797 | D:3      | 1797 ||| ENCHANTING +1 cloak.
  1798 | D:3      | 1798 ||| READING scroll of enchant weapon.
  1798 | D:3      | 1798 ||| ENCHANTING +0 hand cannon of flaming.
  1827 | D:3      | 1827 ||| UPGRADING to +2 robe of fire resistance.
  1837 | D:3      | 1837 ||| DROPPING +0 robe.
  1838 | D:3      | 1838 ||| DROPPING +6 ring of intelligence.
  1839 | D:3      | 1839 ||| READING scroll of identify.
  1839 | D:3      | 1839 ||| IDENTIFYING fuming silvery potion
  1840 | D:3      | 1840 ||| READING scroll labelled OCWIUTHRUREBB.
  1841 | D:3      | 1841 ||| DROPPING potion of attraction.
  1870 | D:4      | Reached XP level 6. HP: 30/30 MP: 7/7
  1882 | D:4      | 1882 ||| READING scroll of acquirement.
  1882 | D:4      | 1882 ||| ACQUIRING ring of Charity {rPois rN+ AC+4 Slay+2
                  | Stlth+}
  1882 | D:4      | Acquired the ring of Charity {rPois rN+ AC+4 Slay+2 Stlth+}
  1907 | D:4      | 1907 ||| UPGRADING to ring of Charity {rPois rN+ AC+4
                  | Slay+2 Stlth+}.
  2139 | D:4      | Reached skill level 6 in Ranged Weapons
  2171 | D:4      | Reached XP level 7. HP: 35/35 MP: 8/8
  2536 | D:4      | 2536 ||| UPGRADING to +4 ring of protection.
  2537 | D:4      | 2537 ||| DROPPING ring of ice.
  2538 | D:4      | 2538 ||| READING scroll of identify.
  2538 | D:4      | 2538 ||| IDENTIFYING fizzy silvery potion
  2539 | D:4      | 2539 ||| DROPPING potion of brilliance.
  2556 | D:5      | Entered Level 5 of the Dungeon
  2576 | D:5      | Reached skill level 7 in Dodging
  2608 | D:5      | Found a sparkling altar of Nemelex Xobeh.
  2608 | D:5      | Found a radiant altar of Vehumet.
  2754 | D:5      | Reached skill level 3 in Fighting
  2754 | D:5      | Reached XP level 8. HP: 40/40 MP: 9/9
  2804 | D:5      | Reached skill level 8 in Dodging
  2893 | D:5      | Found a hazy altar of Hepliaklqana.
  2899 | D:5      | Found a glowing silver altar of Zin.
  2899 | D:5      | Found a blossoming altar of Fedhas.
  3099 | D:5      | Noticed Prince Ribbit
  3102 | D:5      | 3102 ||| DRINKING 2 potions of haste.
  3104 | D:5      | Killed Prince Ribbit
  3105 | D:5      | Reached skill level 9 in Ranged Weapons
  3114 | D:5      | Found a staircase to the Ecumenical Temple.
  3115 | D:5      | 3115 ||| PLANNING TEMPLE
  3115 | D:5      | 3115 ||| UPGRADING to +6 ring of dexterity.
  3117 | D:5      | 3117 ||| DROPPING +4 ring of protection.
  3118 | D:5      | 3118 ||| READING scroll labelled XEJUNT DORICI.
  3119 | D:5      | 3119 ||| READING scroll labelled PACIHI TUIK.
  3128 | Temple   | Entered the Ecumenical Temple
  3129 | Temple   | 3129 ||| PLANNING OKAWARU WORSHIP
  3135 | Temple   | Became a worshipper of Warmaster Okawaru
  3136 | Temple   | 3136 ||| PLANNING D:1-11
  3502 | D:6      | 3502 ||| PLANNING OSSUARY
  3515 | D:6      | Reached skill level 9 in Dodging
  3574 | D:6      | Found Aptoih's Distillery.
  3582 | D:6      | 3582 ||| BUYING potion of curing (33 gold).
  3582 | D:6      | Bought a potion of curing for 33 gold pieces
  3582 | D:6      | 3582 ||| BUYING potion of might (44 gold).
  3582 | D:6      | Bought a potion of might for 44 gold pieces
  3582 | D:6      | 3582 ||| BUYING potion of might (44 gold).
  3582 | D:6      | Bought a potion of might for 44 gold pieces
  3582 | D:6      | 3582 ||| BUYING potion of might (44 gold).
  3582 | D:6      | Bought a potion of might for 44 gold pieces
  3668 | D:6      | Found a sand-covered staircase.
  3669 | D:6      | 3669 ||| READING scroll of identify.
  3669 | D:6      | 3669 ||| IDENTIFYING emerald potion
  3677 | Ossuary  | Entered an ossuary
  3685 | Ossuary  | Reached * piety under Okawaru
  3686 | Ossuary  | Reached skill level 10 in Dodging
  3721 | Ossuary  | Reached skill level 1 in Invocations
  3721 | Ossuary  | Reached XP level 9. HP: 44/44 MP: 10/10
  3867 | Ossuary  | 3867 ||| READING 2 scrolls of enchant weapon.
  3867 | Ossuary  | 3867 ||| ENCHANTING +1 hand cannon of flaming.
  3868 | Ossuary  | 3868 ||| READING scroll of enchant weapon.
  3868 | Ossuary  | 3868 ||| ENCHANTING +2 hand cannon of flaming.
  3872 | Ossuary  | Identified the amulet "Jobe" {rElec Regen+ rCorr Str+3
                  | Dex-3}
  3906 | Ossuary  | Reached skill level 3 in Invocations
  3921 | Ossuary  | 3921 ||| DROPPING amulet "Jobe" {rElec Regen+ rCorr Str+3
                  | Dex-3}.
  3922 | Ossuary  | 3922 ||| READING 2 scrolls of identify.
  3922 | Ossuary  | 3922 ||| IDENTIFYING smoky brown potion
  3923 | Ossuary  | 3923 ||| READING scroll of identify.
  3923 | Ossuary  | 3923 ||| IDENTIFYING metallic yellow potion
  3924 | Ossuary  | 3924 ||| READING scroll labelled AFOHEO TUSH.
  3925 | Ossuary  | 3925 ||| READING 2 scrolls labelled OWIFRU MUDA.
  3925 | Ossuary  | 3925 ||| BRANDING +3 hand cannon of flaming.
  3979 | D:6      | 3979 ||| PLANNING D:1-11
  4002 | D:6      | 4002 ||| DRINKING 4 potions of curing.
  4002 | D:6      | 4002 ||| (to cure confusion)
  4009 | D:6      | Reached skill level 11 in Dodging
  4272 | D:6      | Found a snail-covered altar of Cheibriados.
  4502 | D:7      | Reached ** piety under Okawaru
  4682 | D:7      | 4682 ||| RETREEEEATING.
  4683 | D:7      | 4683 ||| RETREEEEATING.
  4684 | D:7      | 4684 ||| RETREEEEATING.
  4923 | D:7      | 4923 ||| READING scroll of identify.
  4923 | D:7      | 4923 ||| IDENTIFYING puce potion
  4924 | D:7      | 4924 ||| READING scroll labelled KEULEI WOIR.
  4925 | D:7      | 4925 ||| DROPPING potion of degeneration.
  4986 | D:8      | Reached skill level 12 in Dodging
  5074 | D:8      | Reached *** piety under Okawaru
  5115 | D:8      | 5115 ||| RETREEEEATING.
  5116 | D:8      | 5116 ||| RETREEEEATING.
  5117 | D:8      | 5117 ||| RETREEEEATING.
  5118 | D:8      | 5118 ||| RETREEEEATING.
  5119 | D:8      | 5119 ||| RETREEEEATING.
  5120 | D:8      | 5120 ||| RETREEEEATING.
  5121 | D:8      | 5121 ||| RETREEEEATING.
  5126 | D:8      | Reached XP level 10. HP: 49/49 MP: 14/14
  5381 | D:8      | You fall into a shaft and drop 1 floor!
  5411 | D:9      | Reached **** piety under Okawaru
  5721 | D:8      | 5721 ||| RETREEEEATING.
  5722 | D:8      | 5722 ||| RETREEEEATING.
  5723 | D:8      | 5723 ||| INVOKING Finesse.
  5725 | D:8      | Reached skill level 13 in Dodging
  5728 | D:8      | Noticed a cyclops
  5741 | D:8      | 5741 ||| INVOKING Finesse.
  5742 | D:8      | 5742 ||| INVOKING Finesse.
  5743 | D:8      | Killed a cyclops
  6033 | D:8      | 6033 ||| READING scroll labelled LISUOZ ULYSK.
  6295 | D:9      | Reached skill level 12 in Ranged Weapons
  6302 | D:9      | Found a shadowy altar of Dithmenos.
  6372 | D:9      | Noticed Grum
  6375 | D:9      | Killed Grum
  6376 | D:9      | Reached skill level 6 in Invocations
  6376 | D:9      | Reached XP level 11. HP: 53/53 MP: 16/16
  6682 | D:9      | Found a staircase to the Orcish Mines.
  6757 | D:9      | 6757 ||| DROPPING ring of protection from cold.
  6769 | D:10     | Entered Level 10 of the Dungeon
  6772 | D:10     | 6772 ||| STAIRDANCE
  6779 | D:10     | 6779 ||| STAIRDANCE
  6896 | D:10     | Reached ***** piety under Okawaru
  6905 | D:10     | Reached skill level 14 in Dodging
  6986 | D:10     | 6986 ||| RETREEEEATING.
  6988 | D:10     | 6988 ||| RETREEEEATING.
  6989 | D:10     | 6989 ||| RETREEEEATING.
  6990 | D:10     | 6990 ||| RETREEEEATING.
  6992 | D:10     | 6992 ||| RETREEEEATING.
  6994 | D:10     | 6994 ||| RETREEEEATING.
  6996 | D:10     | 6996 ||| RETREEEEATING.
  6998 | D:10     | 6998 ||| RETREEEEATING.
  7327 | D:10     | Found a burning altar of Makhleb.
  7419 | D:10     | Received a gift from Okawaru
  7509 | D:11     | 7509 ||| RETREEEEATING.
  7512 | D:11     | 7512 ||| RETREEEEATING.
  7525 | D:11     | Found a staircase to the Lair.
  7529 | D:11     | 7529 ||| RETREEEEATING.
  7530 | D:11     | 7530 ||| RETREEEEATING.
  7531 | D:11     | 7531 ||| RETREEEEATING.
  7600 | D:11     | Noticed a two-headed ogre
  7601 | D:11     | 7601 ||| INVOKING Finesse.
  7605 | D:11     | Killed a two-headed ogre
  7746 | D:11     | Reached skill level 9 in Invocations
  7792 | D:11     | Noticed a two-headed ogre
  7793 | D:11     | 7793 ||| INVOKING Finesse.
  7798 | D:11     | Killed a two-headed ogre
  7930 | D:11     | Received a gift from Okawaru
  8084 | D:11     | 8084 ||| READING scroll of enchant weapon.
  8084 | D:11     | 8084 ||| ENCHANTING +3 heavy hand cannon.
  8135 | D:11     | 8135 ||| PLANNING LAIR
  8135 | D:11     | 8135 ||| DROPPING ring of flight.
  8148 | Lair:1   | Entered Level 1 of the Lair of Beasts
  8148 | Lair:1   | Noticed Amaemon
  8149 | Lair:1   | 8149 ||| INVOKING Finesse.
  8151 | Lair:1   | Killed Amaemon
  8152 | Lair:1   | Reached XP level 12. HP: 60/60 MP: 14/20
  8220 | Lair:1   | 8220 ||| RETREEEEATING.
  8222 | Lair:1   | 8222 ||| RETREEEEATING.
  8223 | Lair:1   | 8223 ||| RETREEEEATING.
  8229 | Lair:1   | 8229 ||| RETREEEEATING.
  8430 | Lair:1   | Reached skill level 15 in Dodging
  8510 | Lair:1   | 8510 ||| READING scroll of enchant weapon.
  8510 | Lair:1   | 8510 ||| ENCHANTING +4 heavy hand cannon.
  8517 | Lair:1   | Found a shadowy altar of Dithmenos.
  8584 | Lair:1   | Received a gift from Okawaru
  8590 | Lair:1   | 8590 ||| RETREEEEATING.
  8591 | Lair:1   | 8591 ||| RETREEEEATING.
  8592 | Lair:1   | 8592 ||| RETREEEEATING.
  8593 | Lair:1   | 8593 ||| RETREEEEATING.
  8594 | Lair:1   | 8594 ||| RETREEEEATING.
  8595 | Lair:1   | 8595 ||| RETREEEEATING.
  8598 | Lair:1   | 8598 ||| RETREEEEATING.
  8599 | Lair:1   | 8599 ||| RETREEEEATING.
  8600 | Lair:1   | 8600 ||| RETREEEEATING.
  8603 | Lair:1   | 8603 ||| INVOKING Finesse.
  8612 | Lair:1   | Reached skill level 16 in Dodging
  8870 | Lair:1   | 8870 ||| RETREEEEATING.
  8872 | Lair:1   | 8872 ||| RETREEEEATING.
  8969 | Lair:1   | Noticed Jeremiah
  8970 | Lair:1   | Killed Jeremiah
  9070 | Lair:1   | Found a runed translucent door.
  9124 | Lair:2   | 9124 ||| STAIRDANCE
  9134 | Lair:2   | 9134 ||| STAIRDANCE
  9203 | Lair:2   | 9203 ||| RETREEEEATING.
  9204 | Lair:2   | 9204 ||| RETREEEEATING.
  9205 | Lair:2   | 9205 ||| RETREEEEATING.
  9206 | Lair:2   | 9206 ||| RETREEEEATING.
  9207 | Lair:2   | 9207 ||| RETREEEEATING.
  9208 | Lair:2   | 9208 ||| DRINKING 2 potions of haste.
  9223 | Lair:2   | Found a hole to the Spider Nest.
  9325 | Lair:2   | Reached skill level 6 in Fighting
  9351 | Lair:2   | Found a staircase to the Swamp.
  9412 | Lair:2   | 9412 ||| RETREEEEATING.
  9415 | Lair:2   | 9415 ||| RETREEEEATING.
  9416 | Lair:2   | 9416 ||| RETREEEEATING.
  9423 | Lair:2   | Reached ****** piety under Okawaru
  9425 | Lair:2   | Reached XP level 13. HP: 28/65 MP: 21/21
  9566 | Lair:2   | 9566 ||| INVOKING Receive Weapon.
  9566 | Lair:2   | 9566 ||| ACQUIRING +9 arbalest of Uncertain Death {penet,
                  | rF+}
  9566 | Lair:2   | Acquired the +9 arbalest of Uncertain Death {penet, rF+}
  9566 | Lair:2   | Received a gift from Okawaru
  9567 | Lair:2   | 9567 ||| INVOKING Receive Armour.
  9567 | Lair:2   | 9567 ||| ACQUIRING +2 hat "Ytwali Kano" {Str+5}
  9567 | Lair:2   | Acquired the +2 hat "Ytwali Kano" {Str+5}
  9567 | Lair:2   | Received a gift from Okawaru
  9668 | Lair:2   | 9668 ||| RETREEEEATING.
  9671 | Lair:2   | 9671 ||| RETREEEEATING.
  9673 | Lair:2   | 9673 ||| RETREEEEATING.
  9674 | Lair:2   | 9674 ||| RETREEEEATING.
  9683 | Lair:2   | Reached skill level 17 in Dodging
  9874 | Lair:2   | 9874 ||| UPGRADING to +2 hat "Ytwali Kano" {Str+5}.
  9911 | Lair:3   | Received a gift from Okawaru
 10554 | Lair:3   | Reached skill level 15 in Ranged Weapons
 10559 | Lair:3   | Found a frozen archway.
 10702 | Lair:4   | 10702 ||| INVOKING Finesse.
 10703 | Lair:4   | Received a gift from Okawaru
 10704 | Lair:4   | Reached skill level 1 in Armour
 10708 | Lair:4   | 10708 ||| STAIRDANCE
 10790 | Lair:4   | 10790 ||| RETREEEEATING.
 10876 | Lair:4   | 10876 ||| RETREEEEATING.
 10877 | Lair:4   | 10877 ||| RETREEEEATING.
 10879 | Lair:4   | 10879 ||| RETREEEEATING.
 10880 | Lair:4   | 10880 ||| RETREEEEATING.
 10881 | Lair:4   | 10881 ||| RETREEEEATING.
 10882 | Lair:4   | 10882 ||| RETREEEEATING.
 10888 | Lair:4   | 10888 ||| RETREEEEATING.
 10889 | Lair:4   | 10889 ||| RETREEEEATING.
 10890 | Lair:4   | 10890 ||| RETREEEEATING.
 10891 | Lair:4   | 10891 ||| RETREEEEATING.
 10892 | Lair:4   | 10892 ||| RETREEEEATING.
 10897 | Lair:4   | 10897 ||| RETREEEEATING.
 10901 | Lair:4   | Reached skill level 18 in Dodging
 10926 | Lair:4   | 10926 ||| RETREEEEATING.
 10927 | Lair:4   | 10927 ||| RETREEEEATING.
 10928 | Lair:4   | 10928 ||| RETREEEEATING.
 10929 | Lair:4   | 10929 ||| RETREEEEATING.
 10930 | Lair:4   | 10930 ||| RETREEEEATING.
 10931 | Lair:4   | 10931 ||| RETREEEEATING.
 10933 | Lair:4   | 10933 ||| RETREEEEATING.
 10933 | Lair:4   | Found a staircase to the Slime Pits.
 10934 | Lair:4   | 10934 ||| RETREEEEATING.
 10935 | Lair:4   | 10935 ||| RETREEEEATING.
 10936 | Lair:4   | 10936 ||| RETREEEEATING.
 10937 | Lair:4   | 10937 ||| RETREEEEATING.
 10938 | Lair:4   | 10938 ||| RETREEEEATING.
 10939 | Lair:4   | 10939 ||| RETREEEEATING.
 10941 | Lair:4   | 10941 ||| INVOKING Finesse.
 10946 | Lair:4   | 10946 ||| INVOKING Heroism.
 10950 | Lair:4   | 10950 ||| RETREEEEATING.
 10951 | Lair:4   | 10951 ||| RETREEEEATING.
 10952 | Lair:4   | 10952 ||| RETREEEEATING.
 10953 | Lair:4   | 10953 ||| RETREEEEATING.
 10954 | Lair:4   | 10954 ||| RETREEEEATING.
 10955 | Lair:4   | 10955 ||| RETREEEEATING.
 10956 | Lair:4   | 10956 ||| RETREEEEATING.
 10957 | Lair:4   | 10957 ||| RETREEEEATING.
 10958 | Lair:4   | 10958 ||| RETREEEEATING.
 10961 | Lair:4   | 10961 ||| RETREEEEATING.
 10965 | Lair:4   | 10965 ||| RETREEEEATING.
 10969 | Lair:4   | 10969 ||| RETREEEEATING.
 10972 | Lair:4   | 10972 ||| RETREEEEATING.
 10978 | Lair:4   | 10978 ||| RETREEEEATING.
 10981 | Lair:4   | 10981 ||| RETREEEEATING.
 11462 | Lair:4   | 11462 ||| UPGRADING to amulet of faith.
 11472 | Lair:4   | 11472 ||| READING scroll of identify.
 11472 | Lair:4   | 11472 ||| IDENTIFYING inky potion
 11473 | Lair:4   | 11473 ||| DROPPING potion of invisibility.
 11485 | Lair:5   | Entered Level 5 of the Lair of Beasts
 11486 | Lair:5   | 11486 ||| STAIRDANCE
 11490 | Lair:5   | 11490 ||| STAIRDANCE
 11494 | Lair:5   | 11494 ||| STAIRDANCE
 11500 | Lair:5   | 11500 ||| STAIRDANCE
 11515 | Lair:5   | 11515 ||| STAIRDANCE
 11520 | Lair:4   | Received a gift from Okawaru
 11523 | Lair:5   | 11523 ||| STAIRDANCE
 11674 | Lair:5   | Identified the +1 plate armour of the Lost Souls {Harm rF+
                  | rC+ Int-3}
 11698 | Lair:5   | 11698 ||| RETREEEEATING.
 11702 | Lair:5   | 11702 ||| RETREEEEATING.
 11703 | Lair:5   | 11703 ||| RETREEEEATING.
 11704 | Lair:5   | 11704 ||| RETREEEEATING.
 11706 | Lair:5   | 11706 ||| RETREEEEATING.
 11710 | Lair:5   | 11710 ||| RETREEEEATING.
 11711 | Lair:5   | 11711 ||| RETREEEEATING.
 11712 | Lair:5   | 11712 ||| RETREEEEATING.
 11713 | Lair:5   | 11713 ||| RETREEEEATING.
 11775 | Lair:5   | Received a gift from Okawaru
 11792 | Lair:5   | Reached XP level 14. HP: 72/72 MP: 22/22
 11939 | Lair:5   | Found a burning altar of Makhleb.
 11941 | Lair:5   | 11941 ||| RETREEEEATING.
 11949 | Lair:5   | 11949 ||| INVOKING Finesse.
 11955 | Lair:5   | Reached skill level 19 in Dodging
 11986 | Lair:5   | Found a gateway to Hell.
 11988 | Lair:5   | Got an earthy gem with 776 turns to spare
 11994 | Lair:5   | Identified the staff of the Changing Sybil {Fly rElec rPois
                  | rF+ SInv Fire}
 12088 | Lair:5   | 12088 ||| RETREEEEATING.
 12089 | Lair:5   | 12089 ||| RETREEEEATING.
 12091 | Lair:5   | 12091 ||| RETREEEEATING.
 12092 | Lair:5   | 12092 ||| RETREEEEATING.
 12094 | Lair:5   | 12094 ||| RETREEEEATING.
 12095 | Lair:5   | 12095 ||| RETREEEEATING.
 12097 | Lair:5   | 12097 ||| RETREEEEATING.
 12099 | Lair:5   | 12099 ||| RETREEEEATING.
 12105 | Lair:5   | Received a gift from Okawaru
 12106 | Lair:5   | 12106 ||| INVOKING Finesse.
 12125 | Lair:5   | HP: 14/72 [cane toad (17)]
 12126 | Lair:5   | 12126 ||| READING 12 scrolls of teleportation.
 12127 | Lair:5   | 12127 ||| DRINKING 9 potions of heal wounds.
 12132 | Lair:5   | HP: 18/72 [poisoned by a cane toad]
 12137 | Lair:5   | HP: 15/72 [poisoned by a cane toad]
 12148 | Lair:5   | 12148 ||| DRINKING 8 potions of heal wounds.
 12153 | Lair:5   | Noticed Josephine
 12154 | Lair:5   | 12154 ||| RETREEEEATING.
 12155 | Lair:5   | 12155 ||| RETREEEEATING.
 12157 | Lair:5   | 12157 ||| RETREEEEATING.
 12158 | Lair:5   | 12158 ||| RETREEEEATING.
 12159 | Lair:5   | 12159 ||| RETREEEEATING.
 12160 | Lair:5   | 12160 ||| RETREEEEATING.
 12170 | Lair:5   | Killed Josephine
 12411 | Lair:5   | 12411 ||| READING scroll of enchant weapon.
 12411 | Lair:5   | 12411 ||| ENCHANTING +5 heavy hand cannon.
 12418 | Lair:5   | 12418 ||| INVOKING Finesse.
 12850 | Lair:5   | 12850 ||| PLANNING D
 12850 | Lair:5   | 12850 ||| READING 2 scrolls of identify.
 12850 | Lair:5   | 12850 ||| IDENTIFYING fuming yellow potion
 12851 | Lair:5   | 12851 ||| DROPPING potion of berserk rage.
 12993 | D:12     | Received a gift from Okawaru
 13005 | D:12     | 13005 ||| RETREEEEATING.
 13006 | D:12     | 13006 ||| RETREEEEATING.
 13059 | D:12     | 13059 ||| RETREEEEATING.
 13084 | D:12     | HP: 11/72 [orc priest/divine providence (12)]
 13085 | D:12     | 13085 ||| READING 11 scrolls of teleportation.
 13086 | D:12     | 13086 ||| DRINKING 7 potions of heal wounds.
 13208 | D:12     | Found a shimmering blue altar of Sif Muna.
 13553 | D:12     | Reached skill level 20 in Dodging
 13889 | D:13     | Received a gift from Okawaru
 13940 | D:13     | Found a shimmering altar of Xom.
 13942 | D:13     | 13942 ||| RETREEEEATING.
 13947 | D:13     | 13947 ||| RETREEEEATING.
 13949 | D:13     | 13949 ||| RETREEEEATING.
 13951 | D:13     | 13951 ||| RETREEEEATING.
 13952 | D:13     | 13952 ||| RETREEEEATING.
 13953 | D:13     | 13953 ||| RETREEEEATING.
 13954 | D:13     | 13954 ||| RETREEEEATING.
 13955 | D:13     | 13955 ||| INVOKING Finesse.
 13963 | D:13     | 13963 ||| RETREEEEATING.
 14080 | D:13     | Reached skill level 18 in Ranged Weapons
 14208 | D:13     | 14208 ||| READING scroll of enchant weapon.
 14208 | D:13     | 14208 ||| ENCHANTING +6 heavy hand cannon.
 14287 | D:13     | 14287 ||| RETREEEEATING.
 14288 | D:13     | 14288 ||| RETREEEEATING.
 14291 | D:13     | Received a gift from Okawaru
 14295 | D:13     | Reached XP level 15. HP: 75/75 MP: 23/23
 14301 | D:13     | 14301 ||| RETREEEEATING.
 14552 | D:13     | Found a gate to the Vaults.
 14666 | D:13     | 14666 ||| DROPPING +0 steam dragon scales.
 14667 | D:13     | 14667 ||| DROPPING +0 acid dragon scales.
 14668 | D:13     | 14668 ||| UPGRADING to +0 troll leather armour.
 14678 | D:13     | 14678 ||| READING 5 scrolls of enchant armour.
 14678 | D:13     | 14678 ||| ENCHANTING +0 troll leather armour.
 14679 | D:13     | 14679 ||| READING 4 scrolls of enchant armour.
 14679 | D:13     | 14679 ||| ENCHANTING +1 troll leather armour.
 14680 | D:13     | 14680 ||| READING 3 scrolls of enchant armour.
 14680 | D:13     | 14680 ||| ENCHANTING +2 troll leather armour.
 14681 | D:13     | 14681 ||| DROPPING +2 robe of fire resistance.
 14697 | D:14     | 14697 ||| RETREEEEATING.
 14698 | D:14     | 14698 ||| RETREEEEATING.
 14699 | D:14     | 14699 ||| RETREEEEATING.
 14701 | D:14     | 14701 ||| RETREEEEATING.
 14703 | D:14     | 14703 ||| RETREEEEATING.
 14705 | D:14     | 14705 ||| INVOKING Finesse.
 14720 | D:14     | Received a gift from Okawaru
 15082 | D:14     | Reached skill level 21 in Dodging
 15299 | D:14     | Found Itamo's Armour Shoppe.
 15377 | D:15     | Entered Level 15 of the Dungeon
 15610 | D:15     | 15610 ||| RETREEEEATING.
 15611 | D:15     | 15611 ||| INVOKING Finesse.
 15648 | D:15     | 15648 ||| RETREEEEATING.
 15650 | D:15     | 15650 ||| RETREEEEATING.
 15651 | D:15     | 15651 ||| RETREEEEATING.
 15655 | D:15     | 15655 ||| RETREEEEATING.
 15656 | D:15     | 15656 ||| RETREEEEATING.
 15658 | D:15     | 15658 ||| RETREEEEATING.
 15659 | D:15     | 15659 ||| RETREEEEATING.
 15660 | D:15     | 15660 ||| RETREEEEATING.
 15662 | D:15     | 15662 ||| INVOKING Finesse.
 15666 | D:15     | 15666 ||| INVOKING Heroism.
 15669 | D:15     | Received a gift from Okawaru
 15818 | D:15     | Noticed a sphinx
 15821 | D:15     | 15821 ||| ZAPPING wand of acid (17) at 2,5 (sphinx; floor).
 15822 | D:15     | 15822 ||| ZAPPING wand of acid (16) at 2,4 (sphinx; floor).
 15823 | D:15     | 15823 ||| ZAPPING wand of acid (15) at 2,3 (sphinx; floor).
 15824 | D:15     | 15824 ||| INVOKING Finesse.
 15826 | D:15     | Killed a sphinx
 15826 | D:15     | Received a gift from Okawaru
 15876 | D:15     | Reached skill level 22 in Dodging
 15884 | D:15     | Found a staircase to the Depths.
 15890 | D:15     | Got a smoky gem with 1181 turns to spare
 16103 | D:15     | 16103 ||| PLANNING ORC
 16268 | Orc:1    | Entered Level 1 of the Orcish Mines
 16269 | Orc:1    | 16269 ||| STAIRDANCE
 16273 | Orc:1    | 16273 ||| STAIRDANCE
 16324 | Orc:1    | Found a large runed translucent door.
 16324 | Orc:1    | Found a large runed translucent door.
 16329 | Orc:1    | Noticed Rachuaq's ghost (adept GnSk)
 16586 | Orc:2    | Entered Level 2 of the Orcish Mines
 16586 | Orc:2    | Noticed Maurice
 16586 | Orc:2    | Noticed Urug
 16589 | Orc:2    | 16589 ||| STAIRDANCE
 16591 | Orc:1    | Killed Urug
 16731 | Orc:2    | Killed Maurice
 16761 | Orc:2    | 16761 ||| RETREEEEATING.
 16762 | Orc:2    | 16762 ||| RETREEEEATING.
 16763 | Orc:2    | 16763 ||| RETREEEEATING.
 16776 | Orc:2    | Found a staircase to the Elven Halls.
 16787 | Orc:2    | Found a burning altar of Makhleb.
 16916 | Orc:2    | 16916 ||| RETREEEEATING.
 16918 | Orc:2    | Reached XP level 16. HP: 82/82 MP: 24/24
 16923 | Orc:2    | 16923 ||| RETREEEEATING.
 16926 | Orc:2    | 16926 ||| RETREEEEATING.
 16927 | Orc:2    | 16927 ||| RETREEEEATING.
 16928 | Orc:2    | 16928 ||| RETREEEEATING.
 16929 | Orc:2    | 16929 ||| RETREEEEATING.
 16931 | Orc:2    | 16931 ||| ZAPPING wand of acid (14) at 5,-3 (orc high
                  | priest; floor).
 16932 | Orc:2    | 16932 ||| RETREEEEATING.
 16933 | Orc:2    | 16933 ||| RETREEEEATING.
 16936 | Orc:2    | 16936 ||| RETREEEEATING.
 16937 | Orc:2    | 16937 ||| RETREEEEATING.
 16938 | Orc:2    | 16938 ||| RETREEEEATING.
 16939 | Orc:2    | 16939 ||| RETREEEEATING.
 16940 | Orc:2    | 16940 ||| INVOKING Finesse.
 16942 | Orc:2    | 16942 ||| RETREEEEATING.
 16951 | Orc:2    | Reached skill level 9 in Fighting
 17030 | Orc:2    | Found Meycij's Antique Weapon Shop.
 17032 | Orc:2    | Found Nietzota's Antique Armour Boutique.
 17137 | Orc:2    | Found Cigong's Book Shop.
 17184 | Orc:1    | 17184 ||| RETREEEEATING.
 17185 | Orc:1    | 17185 ||| RETREEEEATING.
 17186 | Orc:1    | 17186 ||| RETREEEEATING.
 17187 | Orc:1    | 17187 ||| RETREEEEATING.
 17188 | Orc:1    | 17188 ||| RETREEEEATING.
 17189 | Orc:1    | 17189 ||| RETREEEEATING.
 17192 | Orc:1    | Received a gift from Okawaru
 17366 | Orc:2    | Found Xyprun's Distillery.
 17371 | Orc:2    | 17371 ||| BUYING 2 potions of curing (84 gold).
 17371 | Orc:2    | Bought 2 potions of curing for 84 gold pieces
 17371 | Orc:2    | 17371 ||| BUYING potion of curing (42 gold).
 17371 | Orc:2    | Bought a potion of curing for 42 gold pieces
 17371 | Orc:2    | 17371 ||| BUYING potion of enlightenment (70 gold).
 17371 | Orc:2    | Bought a potion of enlightenment for 70 gold pieces
 17371 | Orc:2    | 17371 ||| BUYING potion of haste (140 gold).
 17371 | Orc:2    | Bought a potion of haste for 140 gold pieces
 17429 | Orc:2    | 17429 ||| PLANNING SWAMP:1-3
 17627 | Swamp:1  | Entered Level 1 of the Swamp
 18239 | Swamp:2  | Received a gift from Okawaru
 18250 | Swamp:2  | HP: 21/84 [five-headed hydra (12)]
 18251 | Swamp:2  | 18251 ||| READING 11 scrolls of teleportation.
 18251 | Swamp:2  | HP: 10/84 [five-headed hydra (12)]
 18252 | Swamp:2  | 18252 ||| DRINKING 7 potions of heal wounds.
 18255 | Swamp:2  | 18255 ||| FLEEEEING.
 18257 | Swamp:2  | HP: 15/84 [ghost crab] (22)]
 18258 | Swamp:2  | 18258 ||| READING 10 scrolls of teleportation.
 18259 | Swamp:2  | 18259 ||| DRINKING 6 potions of heal wounds.
 18260 | Swamp:2  | 18260 ||| RETREEEEATING.
 18265 | Swamp:2  | HP: 4/84 [ghost crab] (18)]
 18266 | Swamp:2  | 18266 ||| READING 9 scrolls of teleportation.
 18267 | Swamp:2  | 18267 ||| DRINKING 5 potions of heal wounds.
 18338 | Swamp:2  | 18338 ||| Stepping ~*~*~tactically~*~*~ (cloud).
 18634 | Swamp:2  | 18634 ||| READING 4 scrolls of identify.
 18634 | Swamp:2  | 18634 ||| IDENTIFYING scroll labelled COLIASTR YGUOC
 18635 | Swamp:2  | 18635 ||| DROPPING scroll of vulnerability.
 18671 | Swamp:3  | 18671 ||| STAIRDANCE
 18697 | Swamp:3  | 18697 ||| STAIRDANCE
 18716 | Swamp:3  | 18716 ||| STAIRDANCE
 18792 | Swamp:3  | 18792 ||| INVOKING Finesse.
 18804 | Swamp:3  | Reached skill level 23 in Dodging
 18808 | Swamp:3  | 18808 ||| Stepping ~*~*~tactically~*~*~ (cloud).
 18868 | Swamp:3  | Noticed a thorn hunter
 18869 | Swamp:3  | 18869 ||| INVOKING Finesse.
 18872 | Swamp:3  | Killed a thorn hunter
 18979 | Swamp:3  | 18979 ||| RETREEEEATING.
 18980 | Swamp:3  | 18980 ||| RETREEEEATING.
 18981 | Swamp:3  | 18981 ||| RETREEEEATING.
 18982 | Swamp:3  | 18982 ||| RETREEEEATING.
 18983 | Swamp:3  | 18983 ||| RETREEEEATING.
 18984 | Swamp:3  | 18984 ||| RETREEEEATING.
 18992 | Swamp:3  | Received a gift from Okawaru
 19229 | Swamp:3  | 19229 ||| PLANNING SPIDER:1-3
 19324 | Spider:1 | Entered Level 1 of the Spider Nest
 19325 | Spider:1 | 19325 ||| RETREEEEATING.
 19326 | Spider:1 | 19326 ||| RETREEEEATING.
 19327 | Spider:1 | 19327 ||| RETREEEEATING.
 19328 | Spider:1 | 19328 ||| INVOKING Finesse.
 19370 | Spider:1 | 19370 ||| RETREEEEATING.
 19371 | Spider:1 | 19371 ||| RETREEEEATING.
 19372 | Spider:1 | 19372 ||| RETREEEEATING.
 19373 | Spider:1 | 19373 ||| RETREEEEATING.
 19374 | Spider:1 | 19374 ||| RETREEEEATING.
 19376 | Spider:1 | 19376 ||| RETREEEEATING.
 19377 | Spider:1 | 19377 ||| RETREEEEATING.
 19378 | Spider:1 | 19378 ||| RETREEEEATING.
 19386 | Spider:1 | 19386 ||| INVOKING Finesse.
 19387 | Spider:1 | 19387 ||| INVOKING Heroism.
 19394 | Spider:1 | Reached skill level 24 in Dodging
 19400 | Spider:1 | 19400 ||| FLEEEEING.
 19401 | Spider:1 | 19401 ||| FLEEEEING.
 19402 | Spider:1 | 19402 ||| STAIRDANCE
 19456 | Spider:1 | 19456 ||| DRINKING 14 potions of curing.
 19456 | Spider:1 | 19456 ||| (to cure confusion)
 19463 | Spider:1 | Blown up by an orb spider

Levels and vault maps discovered:
D:1:      nzn_arrival_settlement, layout_loops_ring
D:2:      layout_loops_ring, uniq_sigmund
D:3:      layout_rooms, grunt_qazlal_clouds, hellmonk_ecumenical_altar_zigzags,
          serial_shops, nicolae_shop_industrial_runoff,
          nicolae_shop_pleasant_corner_grove, shop, shop,
          minmay_misc_feat_pillars, minmay_unequal
D:4:      layout_basic, hex_intersection
D:5:      layout_cave_pools, grunt_temple_overflow_open, jmf_multi_god_temple,
          lemuel_temple_firewalk_b, serial_co_window_serial, co_window_paths_b,
          co_window_paths_b, co_window_corner_a, co_window_paths_b,
          co_window_paths_a, co_window_cross_4, co_window_corner_cb,
          co_window_unsneaky_path_d, co_window_broadway_c, co_window_2corner,
          co_window_2corner, glass_columns_a, glass_columns_a, glass_columns_a,
          reono_crystal_passage, uniq_prince_ribbit1
D:6:      layout_loops_ring, slow_altar_1, nicolae_ossuary_entry_plus,
          serial_shops, shop, nicolae_elevator_lobby_plus
D:7:      layout_basic
D:8:      layout_layer_cave, kennysheep_kite_vault
D:9:      layout_rooms, nicolae_dithmenos_through_a_glass_darkly, orc_0_dummy,
          uniq_grum
D:10:     layout_gridville, bloody_makhleb, minmay_misc_feat_room
D:11:     layout_roguey, due_lair_maze_entry_diamond
D:12:     layout_roguey [special_room_orc], kennysheep_orc_sif_temple
D:13:     layout_rooms, ximxim_vaults_locker_room, skrybe_limestone_x,
          xom_confusion_cloud
D:14:     layout_irregular_city, serial_shops, shop
D:15:     hellmonk_depths_entry_around_the_bend, layout_loops_ring
Temple:   cyrus_circular_temple
Lair:1:   layout_long_grid, basic_altar, eino_small_chamber_without_monster,
          pdpol_lair_neglected_garden, columned_hall_lemuel,
          pdpol_lair_cabin_in_the_woods, uniq_amaemon, uniq_jeremiah
Lair:2:   layout_long_grid, swamp_mist, nicolae_spider_entry_non_spiders
Lair:3:   layout_hall_layers, portal_ice_cave_demonic_guard, grunt_megastairs_1
Lair:4:   layout_gridlike, nicolae_slime_entry_field_trip, st_stairs_9,
          ldierk_geyser, beast_lair_carwin_4, infiniplex_staircase_pool
Lair:5:   evil_forest, layout_gridlike, chequers_serial_rivers_room_a,
          uniq_josephine
Swamp:1:  layout_basic_swamp, serial_swamp_ruin, evilmike_swamp_ruin_rubble_1,
          evilmike_swamp_ruin_house_6
Swamp:2:  layout_falls_marsh, evilmike_swamp_ruin_house_3,
          infiniplex_staircase_pool_2
Swamp:3:  layout_basic_swamp, hangedman_swamp_ruin_wall
Spider:1: layout_spider_delve, einodemon_crawler_minivault
Orc:1:    layout_caves, ebering_ghost_disaster_area
Orc:2:    grunt_orc_community_town_hall, layout_caves,
          grunt_orc_community_big_house_1, grunt_orc_community_big_house_2,
          grunt_orc_community_house_1, grunt_orc_community_house_2,
          grunt_orc_community_house_2, grunt_orc_community_house_2, basic_altar,
          uniq_maurice, uniq_urug

Skill      XL: |  1  2  3  4  5  6  7  8  9 10 11 12 13 14 15 16 |
---------------+-------------------------------------------------+-----
Dodging        | 4 6 7 10 12 13 14 16 18 20 22 24 | 24.0
Ranged Weapons | 5 6 8 9 10 12 13 14 16 18 19 20 | 20.0
Fighting       | 2 3 4 5 6 7 8 9 |  9.0
Invocations    | 1 4 6 9 10 | 10.0
Armour         | 1 2 |  2.0
Stealth        | |  1.5

Action                     |  1- 3 |  4- 6 |  7- 9 | 10-12 | 13-15 | 16-18 || total
---------------------------+-------+-------+-------+-------+-------+-------++-------
   Fire: Shortbow          |    96 |    33 |       |       |       |       ||   129
         Hand cannon       |       |    57 |   195 |   382 |   719 |   310 ||  1663
 Invoke: Finesse           |       |       |       |     6 |    10 |     5 ||    21
         Heroism           |       |       |       |       |     2 |     1 ||     3
         Receive Weapon    |       |       |       |       |     1 |       ||     1
         Receive Armour    |       |       |       |       |     1 |       ||     1
  Evoke: Wand              |       |       |       |       |     3 |     1 ||     4
    Use: Scroll            |     3 |     7 |    12 |     3 |     9 |     4 ||    38
         Potion            |       |     1 |     2 |     1 |     3 |     4 ||    11
 Armour: Robe              |     9 |     5 |    27 |    53 |    66 |       ||   160
         Troll leather arm |       |       |       |       |    12 |    68 ||    80
  Dodge: Dodged            |    36 |    34 |   134 |   413 |   559 |   371 ||  1547
  Block: Other             |     5 |     4 |    21 |    80 |    13 |       ||   123
         Reflection        |     1 |       |     2 |     9 |       |       ||    12

Table legend:
 A = Non-vault XP
 B = Vault XP
 C = Vault XP percentage of total XP
 D = Non-vault monster count
 E = Vault monster count
 F = Vault count percentage of total count
                 A         B        C        D         E       F
            +---------+---------+-------+---------+---------+-------
      Total |  154608 |   53283 |  25.6 |     615 |     246 |  28.6
            +---------+---------+-------+---------+---------+-------
        D:1 |      59 |       0 |   0.0 |      26 |       0 |   0.0
        D:2 |      57 |     214 |  79.0 |      18 |       1 |   5.3
        D:3 |      44 |       4 |   8.3 |      17 |       2 |  10.5
        D:4 |     553 |       0 |   0.0 |      15 |       0 |   0.0
        D:5 |    1035 |     248 |  19.3 |      20 |       3 |  13.0
        D:6 |     644 |      54 |   7.7 |      14 |       1 |   6.7
        D:7 |     926 |       0 |   0.0 |      21 |       0 |   0.0
        D:8 |    2372 |    1896 |  44.4 |      27 |      16 |  37.2
        D:9 |    2128 |     439 |  17.1 |      25 |       3 |  10.7
       D:10 |    4382 |       0 |   0.0 |      27 |       0 |   0.0
       D:11 |    4005 |    1794 |  30.9 |      17 |      10 |  37.0
       D:12 |    6411 |    1151 |  15.2 |      15 |      28 |  65.1
       D:13 |    8136 |   10033 |  55.2 |      18 |      21 |  53.8
       D:14 |   10755 |       0 |   0.0 |      21 |       0 |   0.0
       D:15 |   20920 |    6702 |  24.3 |      42 |      10 |  19.2
     Lair:1 |    8277 |    2536 |  23.5 |      39 |       6 |  13.3
     Lair:2 |    5913 |     857 |  12.7 |      25 |       8 |  24.2
     Lair:3 |    5182 |    2025 |  28.1 |      17 |       6 |  26.1
     Lair:4 |   10051 |    2710 |  21.2 |      37 |      10 |  21.3
     Lair:5 |   12504 |   10446 |  45.5 |      42 |      31 |  42.5
    Swamp:1 |   12545 |       0 |   0.0 |      20 |       0 |   0.0
    Swamp:2 |   11282 |       0 |   0.0 |      21 |       0 |   0.0
    Swamp:3 |   14093 |       0 |   0.0 |      25 |       0 |   0.0
   Spider:1 |    7195 |       0 |   0.0 |      22 |       0 |   0.0
      Orc:1 |    2318 |     798 |  25.6 |      20 |       1 |   4.8
      Orc:2 |    2821 |   10415 |  78.7 |      24 |      63 |  72.4
    Ossuary |       0 |     961 | 100.0 |       0 |      26 | 100.0
            +---------+---------+-------+---------+---------+-------
